Map: Pylon LE

Players

LiquidMaNa (MaNa) - Winner!

  • Race: Protoss Protoss
  • League: Grandmaster
  • Spawn Location: 11:00

OpTiMiStC

  • Race: Protoss Protoss
  • League: Master
  • Spawn Location: 5:00

Event: HomeStory Cup XXVII

VOD

Have the link to the VOD?

Description

Time

  • Played on: June 27, 2025, 6:57 a.m.
  • Length: 7:55

All games in this series

Show
View Real Time Build Order
Export as new Build Order

LiquidMaNa Protoss - Winner!

Build Orders:  

Get SALT Encoding   

  12  0:00  Probe  
  13  0:12  Probe  
  14  0:17  Pylon  
  14  0:24  Probe  
  15  0:33  Probe  
  15  0:35  Gateway  
  15  0:41  Probe  
  16  0:47  Assimilator  
  17  0:52  Probe  
  19  1:13  Zealot  
  19  1:39  Zealot  
  19  2:00  Cybernetics Core  
  19  2:05  Probe  
  20  2:13  Probe  
  20  2:20  Assimilator  
  20  2:21  Probe  
  22  2:33  Probe  
  23  2:37  Warp Gate, Pylon  
  23  2:55  Probe, Adept  
  26  3:07  Probe  
  27  3:13  Stargate  
  27  3:19  Probe  
  28  3:34  Nexus  
  28  3:36  Probe  
  29  3:45  Pylon  
  29  3:48  Probe  
  30  4:03  Oracle  
  30  4:05  Robotics Facility  
  30  4:09  Probe  
  34  4:15  Shield Battery  
  34  4:22  Probe  
  35  4:36  Void Ray  
  39  4:46  Probe x2  
  41  4:53  Immortal  
  41  4:58  Probe  
  46  5:00  Probe  
  47  5:20  Void Ray  
  51  5:22  Shield Battery  
  51  5:23  Warp Prism  
  53  5:39  Pylon  
  53  5:54  Probe  
  54  5:59  Immortal  
  58  6:06  Adept  
  60  6:11  Probe x2  
  62  6:25  Pylon  
  62  6:43  Immortal  
  62  6:44  Stalker  
  62  6:45  Probe  
  67  6:57  Phoenix, Gateway  
  67  6:59  Gateway  
  67  7:18  Probe, Stalker  
  67  7:20  Shield Battery  
  70  7:39  Probe x2  
Show
View Real Time Build Order
Export as new Build Order

OpTiMiStC Protoss 

Build Orders: Blink Stalkers 

Get SALT Encoding   

  12  0:00  Probe  
  13  0:12  Probe  
  14  0:16  Pylon  
  14  0:24  Probe  
  15  0:34  Forge  
  15  1:01  Pylon  
  15  1:02  Pylon  
  15  1:03  Pylon  
  15  1:19  Photon Cannon  
  15  1:22  Photon Cannon  
  15  1:32  Pylon  
  14  1:44  Probe  
  14  1:46  Gateway  
  15  1:54  Pylon  
  14  2:02  Probe  
  14  2:05  Assimilator  
  15  2:11  Probe  
  15  2:15  Photon Cannon  
  16  2:19  Probe  
  16  2:20  Assimilator  
  16  2:28  Probe  
  16  2:29  Pylon  
  18  2:40  Cybernetics Core  
  18  2:42  Probe  
  18  2:50  Probe  
  20  2:59  Probe  
  21  3:07  Adept  
  21  3:11  Probe  
  21  3:12  Warp Gate  
  22  3:19  Twilight Council  
  24  3:23  Probe  
  25  3:34  Gateway  
  25  3:39  Pylon  
  25  3:43  Stalker  
  25  3:46  Blink  
  27  4:11  Shield Battery  
  27  4:18  Gateway  
  27  4:31  Gateway  
  27  4:40  Stalker  
  27  4:44  Stalker  
  31  4:56  Pylon  
  31  5:11  Gateway  
  31  5:20  Stalker  
  33  5:23  Probe  
  34  5:30  Stalker x2  
  38  5:43  Probe  
  38  5:47  Stalker  
  41  6:22  Stalker x3  
  47  6:26  Pylon  
  47  6:53  Stalker x3  
  39  7:18  Stalker  
  39  7:19  Stalker x3  
Tags
 
Composition
Blink Stalkers
Matchup
PvP
Replay Pack
hsc27
Spawn Locations
Cross Positions
Add a new tag
Caveats
  • Supply blocks, unpowered buildings, or Contaminate may cause inaccurate times.
  • Supply counts are checked every 10 seconds.